 Dungeon Crawl Stone Soup version 0.24-a0-484-g962a3eeff7 (webtiles) character file.

Game seed: 15210083505702576080

1679 Elric the Destroyer (level 8, -3/41 HPs)
             Began as a Deep Elf Air Elementalist on July 9, 2019.
             Was a Follower of Sif Muna.
             Slain by a bullfrog (7 damage)
             ... on level 7 of the Dungeon.
             The game lasted 00:16:05 (7197 turns).

Elric the Destroyer (Deep Elf Air Elementalist)     Turns: 7197, Time: 00:16:05

Health: -3/41      AC:  3    Str:  6    XL:     8   Next: 70%
Magic:  0/17       EV: 13    Int: 27    God:    Sif Muna [*.....]
Gold:   355        SH:  0    Dex: 15    Spells: 2/17 levels left

rFire    . . .     SeeInvis .   K - +1 dagger (elec)
rCold    . . .     Gourm    +   (no shield)
rNeg     . . .     Faith    .   a - +0 robe
rPois    .         Spirit   .   (no helmet)
rElec    .         Reflect  .   (no cloak)
rCorr    .         Harm     .   x - +0 pair of gloves
MR       .....                  (no boots)
Stlth    +++.......             n - amulet of the gourmand
HPRegen  0.13/turn              h - +5 ring of intelligence
MPRegen  0.15/turn              (no ring)

@: very slightly contaminated
A: no striking features
a: Channel Magic, Renounce Religion


You were on level 7 of the Dungeon.
You worshipped Sif Muna.
Sif Muna was aware of your devotion.
You were hungry.

You visited 2 branches of the dungeon, and saw 8 of its levels.

You collected 355 gold pieces.

Inventory:

Hand Weapons
 b - a +1 short sword of flaming
 d - a +0 hunting sling
 A - the +2 great sword of Expedience {speed, MR++ MP+9 Str-4 Dex+3}
   (You found it on level 4 of the Dungeon)

   Attacks with this weapon are significantly faster.
   It affects your strength (-4).
   It affects your dexterity (+3).
   It affects your resistance to hostile enchantments.
   It affects your magic capacity (+9).
 K - a +1 dagger of electrocution (weapon)
Missiles
 j - 24 sling bullets
 G - 6 silver boomerangs (quivered)
Armour
 a - a +0 robe (worn)
 m - a +0 shield
 x - a +0 pair of gloves (worn)
Magical Staves
 H - a cursed staff of summoning
Jewellery
 h - a +5 ring of intelligence (left hand)
 n - an amulet of the gourmand (around neck)
 v - an uncursed ring of flight {unknown}
 y - an uncursed ring of ice
 z - an uncursed amulet of faith
 J - an uncursed ring of protection from fire {unknown}
Wands
 F - a wand of paralysis (10)
Scrolls
 i - a scroll of random uselessness {unknown}
 o - 2 scrolls of enchant armour {unknown}
 p - a scroll of fear {unknown}
 s - a scroll of teleportation {unknown}
 t - 3 scrolls of amnesia {unknown}
 w - 2 scrolls of fog {unknown}
 D - 4 scrolls of remove curse {unknown}
 I - a scroll of identify
Potions
 e - 2 potions of resistance {unknown}
 f - a potion of berserk rage {unknown}
 g - 3 potions of lignification {unknown}
 k - 2 potions of flight {unknown}
 l - a potion of brilliance {unknown}
 q - a potion of mutation {unknown}
 r - a potion of agility
 u - 2 potions of curing {unknown}
 B - a potion of haste {unknown}
 C - a potion of degeneration {unknown}
 E - 2 potions of might {unknown}
Comestibles
 c - 6 rations


   Skills:
 - Level 3.0 Dodging
 - Level 3.8 Stealth
 - Level 5.1 Spellcasting
 + Level 8.0 Conjurations
 + Level 7.9 Air Magic


You had 2 spell levels left.
You knew the following spells:

 Your Spells              Type           Power        Failure   Level  Hunger
a - Shock                 Conj/Air       ####         1%          1    None
b - Swiftness             Chrm/Air       ####....     2%          2    None
c - Static Discharge      Conj/Air       ######..     1%          3    #......
d - Airstrike             Air            #####.....   2%          4    ###....
e - Lightning Bolt        Conj/Air       ######....   8%          5    #####..

Your spell library contained the following spells:

 Spells                   Type           Power        Failure   Level  Hunger


Dungeon Overview and Level Annotations

Branches:
Dungeon (7/15)             Temple (1/1) D:5

Altars:
Cheibriados
Dithmenos
Elyvilon
Fedhas
Gozag
Hepliaklqana
Kikubaaqudgha
Nemelex Xobeh
Okawaru
Qazlal
Sif Muna
Trog
Uskayaw
Wu Jian
Yredelemnul
Zin
The Shining One

Shops:
D:7 *?


Message History

The bullfrog hits you. The bullfrog barely misses you. The bullfrog hits you!
* * * LOW HITPOINT WARNING * * *
Casting: Shock (safe; 1% risk of failure)
Confirm with . or Enter, or press ? or * to list all spells.
Aiming: Shock (safe; 1% risk of failure)
Press: ? - help, Shift-Dir - straight line, f/p - quokka
Aim: a quokka (severely wounded)
The zap hits the bullfrog.
The bullfrog is severely wounded.
The zap hits the killer bee zombie!
The killer bee zombie is severely damaged.
The zap hits the quokka.
You kill the quokka!
Sif Muna accepts your kill. The bullfrog hits you!
* * * LOW HITPOINT WARNING * * *
The bullfrog hits you!
You die...

###...#.# #.# #.
#...#.# #.# #.
#...#.# #.# ##
#...#<# #.# #
###...#####.## #
#.'...'....>.. +
###.#...########
# #...##### #
#@### # #F# #Z#
#.# #.# ###. #.#
.....
#.#####......
#...r†'......
#######.....#


You could see a bullfrog and a killer bee zombie.

Vanquished Creatures
  A water moccasin (D:7)
  An orc warrior (D:7)
  A phantom (D:5)
  A sky beast (D:7)
  A centaur (D:6)
  2 bullfrogs (D:6)
  A gnoll sergeant (D:6)
  2 scorpions (D:7)
  A jelly (D:6)
  5 crimson imps
  A centaur zombie (D:6)
  3 hounds
  2 bullfrog skeletons (D:7)
  A centaur skeleton (D:7)
  An orc priest (D:5)
  2 orc wizards
  An iguana (D:7)
  4 worker ants
  2 hound zombies
  A hound skeleton (D:7)
  9 gnolls
  6 adders
  A shadow imp (D:6)
  2 oozes (D:3)
  An adder zombie (D:5)
  6 worms
  A dart slug (D:1)
  5 leopard geckos
  18 orcs
  4 giant cockroaches
  6 goblins
  5 hobgoblins
  5 jackals
  2 quokkas (D:7)
  9 bats
  2 frilled lizards (D:1)
  8 kobolds
  2 leopard gecko skeletons
  9 rats
135 creatures vanquished.

Notes
Turn   | Place    | Note
-------+----------+-------------------------------------------
     0 | D:1      | Elric the Deep Elf Air Elementalist began the quest for the
                  | Orb.
     0 | D:1      | Reached XP level 1. HP: 10/10 MP: 6/6
   426 | D:1      | Reached XP level 2. HP: 14/15 MP: 4/8
  1048 | D:1      | Reached XP level 3. HP: 19/19 MP: 6/9
  1052 | D:1      | Learned a level 2 spell: Swiftness
  1056 | D:1      | Learned a level 3 spell: Static Discharge
  1773 | D:2      | Reached XP level 4. HP: 24/24 MP: 8/11
  1848 | D:2      | Learned a level 4 spell: Airstrike
  2557 | D:3      | Reached skill level 2 in Conjurations
  2557 | D:3      | Reached XP level 5. HP: 23/28 MP: 7/13
  3507 | D:4      | Reached skill level 5 in Spellcasting
  3524 | D:4      | Reached skill level 3 in Conjurations
  3883 | D:4      | Got a jewelled great sword
  3884 | D:4      | Identified the +2 great sword of Expedience {speed, MR++
                  | MP+9 Str-4 Dex+3} (You found it on level 4 of the Dungeon)
  4130 | D:4      | Reached XP level 6. HP: 27/32 MP: 15/15
  4177 | D:5      | Entered Level 5 of the Dungeon
  4193 | D:5      | Found a staircase to the Ecumenical Temple.
  4220 | Temple   | Entered the Ecumenical Temple
  4402 | Temple   | Became a worshipper of Sif Muna the Loreminder
  4461 | D:5      | Reached skill level 4 in Conjurations
  4686 | D:5      | Learned a level 5 spell: Lightning Bolt
  4726 | D:5      | Reached skill level 5 in Air Magic
  4880 | D:5      | Reached XP level 7. HP: 36/36 MP: 16/16
  5206 | D:6      | Reached skill level 5 in Conjurations
  5676 | D:6      | Reached * piety under Sif Muna
  5676 | D:6      | Reached skill level 6 in Conjurations
  5883 | D:6      | Reached XP level 8. HP: 41/41 MP: 17/17
  6169 | D:7      | Found Nakkuer's Magic Scroll Shop.
  6201 | D:7      | Reached skill level 7 in Conjurations
  6941 | D:7      | Found Zin's Purification Station.
  6946 | D:7      | Found a glowing silver altar of Zin.
  7186 | D:7      | Reached skill level 8 in Conjurations
  7197 | D:7      | Slain by a bullfrog

Levels and vault maps discovered:
D:1:      dpeg_arrival_orchard, layout_basic, hangedman_decor_points
D:2:      layout_basic, first_ration
D:3:      layout_basic
D:4:      layout_loops_ring
D:5:      layout_basic, minmay_temple_entry_large_hall, guppyfry_early_lair_pool
D:6:      layout_loops_corners
D:7:      layout_basic, zin_purify, serial_shops, shop
Temple:   eino_temple_scatter_basement

Skill      XL: |  1  2  3  4  5  6  7  8 |
---------------+-------------------------+-----
Stealth        | 3 |  3.8
Spellcasting   | 4 5 |  5.1
Conjurations   | 2 3 4 6 8 |  8.0
Air Magic      | 4 5 6 7 |  7.9
Dodging        | 3 |  3.0

Action                   |  1- 3 |  4- 6 |  7- 9 || total
-------------------------+-------+-------+-------++-------
Melee: Short sword       |     2 |       |       ||     2
       Great sword       |       |     3 |     1 ||     4
       Dagger            |       |       |     8 ||     8
Throw: Boomerang         |       |       |     1 ||     1
 Cast: Shock             |    81 |   133 |   162 ||   376
       Lightning Bolt    |       |       |    10 ||    10
       Airstrike         |       |       |     3 ||     3
       Static Discharge  |       |       |     1 ||     1
  Use: Scroll            |     1 |     3 |     2 ||     6
  Eat: Chunk             |     2 |    11 |     7 ||    20
       Ration            |       |     1 |       ||     1
Armor: Robe              |     6 |     9 |     7 ||    22
Dodge: Dodged            |    11 |    35 |    52 ||    98
       Rpst.: Great sword |       |     8 |     8 ||    16

Table legend:
 A = Non-vault XP
 B = Vault XP
 C = Vault XP percentage of total XP
 D = Non-vault monster count
 E = Vault monster count
 F = Vault count percentage of total count
                 A         B        C        D         E       F
            +---------+---------+-------+---------+---------+-------
      Total |    2357 |      42 |   1.8 |     132 |       3 |   2.2
            +---------+---------+-------+---------+---------+-------
        D:1 |      51 |       0 |   0.0 |      26 |       0 |   0.0
        D:2 |      67 |       0 |   0.0 |      14 |       0 |   0.0
        D:3 |     127 |       0 |   0.0 |      27 |       0 |   0.0
        D:4 |     158 |       0 |   0.0 |       6 |       0 |   0.0
        D:5 |     359 |      42 |  10.5 |      13 |       3 |  18.8
        D:6 |     715 |       0 |   0.0 |      26 |       0 |   0.0
        D:7 |     880 |       0 |   0.0 |      20 |       0 |   0.0
            +---------+---------+-------+---------+---------+-------
